 Dungeon Crawl Stone Soup version 0.15.0-27-gbdb0435 (webtiles) character file.

4300 Psiweapon the Cruncher (level 10, -10/53 HPs)
             Began as a Gargoyle Gladiator on Sept 10, 2014.
             Was a Priest of Okawaru.
             Mangled by Nergalle
             ... wielding a +1 dagger of distortion
              (24 damage)
             ... on Level 1 of the Lair of Beasts.
             The game lasted 00:33:04 (8937 turns).

Psiweapon the Cruncher (Gargoyle Gladiator)         Turns: 8937, Time: 00:33:06

HP -10/53        AC 17     Str 23      XL: 10   Next: 32%
MP  10/10        EV 13     Int 10      God: Okawaru [***...]
Gold 431         SH  0     Dex 13      Spells:  1 memorised,  8 levels left

rFire  . . .     SeeInvis .     a - +0 quarterstaff
rCold  . . .     Clarity  .     i - +0 ring mail
rNeg   + + .     rCorr    .     (no shield)
rPois  +         rRot     +     c - +0 helmet
rElec  +         Spirit   .     (no cloak)
SustAb .         Warding  +     (no gloves)
rMut   .         Stasis   .     G - +0 pair of boots
Gourm  .                        B - amulet of warding
MR     .....                    (no ring)
                                (no ring)

@: mighty, heroism, very slightly contaminated, hasted, very quick, not
resistant to hostile enchantments, unstealthy
A: big wings, negative energy resistance 1, electricity resistance, unbreathing,
petrification resistance, rot immunity, AC +7
a: Fly, Heroism, Renounce Religion


You were on level 1 of the Lair of Beasts.
You worshipped Okawaru.
Okawaru was most pleased with you.
You were hungry.

You visited 3 branches of the dungeon, and saw 10 of its levels.

You collected 431 gold pieces.

Inventory:

Hand weapons
 a - a +0 quarterstaff (weapon)
 D - a +1 vampiric trident
 E - a +0 morningstar
 H - a cursed +0 dagger
 L - a +0 arbalest
 O - a +0 bardiche
 Q - a +0 short sword of flaming
Missiles
 p - 57 bolts
 z - 5 curare-tipped needles
Armour
 b - a +0 leather armour
 c - a +0 helmet (worn)
 i - a +0 ring mail (worn)
 k - a +0 pair of boots
 o - a +0 plate armour
 F - a +3 leather armour
 G - a +0 pair of boots (worn)
 J - a +0 chain mail
 S - the +0 leather armour of the Morning Star {Str+4 Int+1}
   (You found it on level 8 of the Dungeon)

   It affects your strength (+4).
   It affects your intelligence (+1).
Magical devices
 K - a wand of lightning (0)
Comestibles
 f - 5 bread rations
 q - 13 fruits
 r - 3 beef jerkies
 u - a royal jelly
 A - 4 meat rations
 U - 6 slices of pizza
Scrolls
 g - 7 scrolls of teleportation
 j - 2 scrolls of recharging {unknown}
 l - a scroll of amnesia {unknown}
 n - 5 scrolls of immolation {unknown}
 s - a scroll of blinking {unknown}
 w - a scroll of enchant armour {unknown}
 x - 2 scrolls of random uselessness {unknown}
 y - 3 scrolls of remove curse {unknown}
 M - a scroll of vulnerability {unknown}
 P - a scroll of fear {unknown}
Jewellery
 B - an amulet of warding (around neck)
Potions
 e - a potion of haste
 h - 4 potions of curing
 C - 3 potions of brilliance
 I - 2 potions of agility
 N - a potion of berserk rage
 R - 2 potions of porridge
 T - a potion of cure mutation
Books
 v - a book of Conjurations

   Spells                             Type                      Level
   *Magic Dart                        Conjuration                  1
   Searing Ray                        Conjuration                  2
   Dazzling Spray                     Conjuration/Hexes            3
   Fulminant Prism                    Conjuration/Hexes            4
   Iskenderun's Mystic Blast          Conjuration                  4
   Iskenderun's Battlesphere          Conjuration/Charms           5


   Skills:
 - Level 2.1(7.1) Fighting
 + Level 11.6(16.6) Staves
 + Level 6.3(11.3) Crossbows
 - Level 2.0(7.0) Throwing
 + Level 7.1(12.1) Armour
 - Level 2.5(7.5) Dodging


You had 8 spell levels left.
You knew the following spells:

 Your Spells              Type           Power        Failure   Level  Hunger
a - Magic Dart            Conj           #...         38%         1    ##.....


Dungeon Overview and Level Annotations

Branches:
Dungeon (8/15)             Temple (1/1) D:5            Lair (1/8) D:8

Altars:
Ashenzari
Cheibriados
Dithmenos
Elyvilon
Fedhas
Kikubaaqudgha
Makhleb
Okawaru
Qazlal
Sif Muna
Vehumet
Xom
Yredelemnul
Zin
The Shining One

Shops:
D:7 (   D:8 *

Annotations:
Lair:1 Nergalle


Innate Abilities, Weirdness & Mutations

You are resistant to torment.
You are immune to poison.
Your stone body is very resilient (AC +7).
You resist negative energy.
You are resistant to electric shocks.
You can survive without breathing.
You are immune to petrification.
You are immune to rotting.
Your wings are large and strong.


Message History

The spectral orc knight hits you but does no damage.
The spectral orc warrior hits you with a trident.
The spectral orc warrior hits you but does no damage.
You bludgeon Nergalle!!
Nergalle is almost dead.
The spectral orc warrior hits you but does no damage.
Nergalle mumbles some strange words.
Nergalle stands defiantly in death's doorway!
The spectral orc knight hits you but does no damage.
You bludgeon Nergalle!!
Nergalle is almost dead.
The spectral orc closely misses you.
The spectral orc knight hits you but does no damage.
You sock Nergalle!
Nergalle is almost dead.
The spectral orc warrior hits you with a trident.
* * * LOW HITPOINT WARNING * * *
The spectral orc warrior hits you but does no damage. x2
Nergalle hits you but does no damage. Space warps horribly around you!
You die... #.. . ##..[# . ....# # ....## # (...# # #...## ## ZZZ.# #. ##ZZ.# ## #Z@o# ####. ##ZZ## ########..<. #PZZ#

#.........>.
#..##
##....######
##..#
###...##
#..## #.#...#
#...####..###
##...###..##
##...#....#


You could see Nergalle, 3 spectral orcs, 3 spectral orc knights and 4 spectral
orc warriors.

Vanquished Creatures
  A hydra (D:8)
  A two-headed ogre (D:8)
  3 yaks (D:8)
  A wyvern (D:8)
  A deep elf fighter (D:8)
  2 hill giant skeletons
  A hippogriff (D:8)
  An ice beast (D:6)
  A sky beast (D:8)
  3 phantoms
  4 centaurs
  3 ogres
  3 big kobolds (D:8)
  5 giant frogs
  A scorpion (D:6)
  4 crimson imps
  A giant frog zombie (D:6)
  3 hounds
  3 orc wizards
  An iguana (D:4)
  A worker ant (D:4)
  2 sheep (D:8)
  A sky beast zombie (D:8)
  3 gnolls (D:3)
  11 adders
  4 green rats (D:8)
  A shadow imp (D:6)
  A giant mite (D:3)
  5 worms
  6 giant geckos
  An ooze (D:2)
  16 orcs
  2 bat zombies
  4 giant cockroaches
  14 goblins
  11 hobgoblins
  10 jackals
  3 quokkas
  A ball python (D:3)
  21 bats
  4 giant newts
  A hobgoblin skeleton (D:8)
  A hobgoblin zombie (D:6)
  10 kobolds
  A kobold zombie (D:1)
  A quokka zombie (D:5)
  22 rats
  A rat zombie (D:8)
  7 ballistomycetes (D:8)
209 creatures vanquished.

Vanquished Creatures (others)
  A hobgoblin (D:2)
  2 giant spores (D:8)
3 creatures vanquished.

Grand Total: 212 creatures vanquished

Notes
Turn   | Place    | Note
--------------------------------------------------------------
     0 | D:1      | Psiweapon, the Gargoyle Gladiator, began the quest for the Orb.
     0 | D:1      | Reached XP level 1. HP: 12/12 MP: 1/1
   218 | D:1      | Reached XP level 2. HP: 17/17 MP: 2/2
   784 | D:2      | Found a basalt altar of Yredelemnul.
   787 | D:2      | Found a glowing golden altar of the Shining One.
   788 | D:2      | Noticed an angel
   792 | D:2      | Reached XP level 3. HP: 21/21 MP: 3/3
   797 | D:2      | Noticed a profane servitor
   820 | D:2      | Reached skill level 4 in Staves
  1281 | D:2      | Reached XP level 4. HP: 22/26 MP: 4/4
  1346 | D:2      | Learned a level 1 spell: Magic Dart
  1917 | D:3      | Reached skill level 5 in Staves
  1973 | D:3      | Upgraded the game from 0.15.0-25-gd84c1e8 to 0.15.0-27-gbdb0435
  2036 | D:3      | Reached XP level 5. HP: 18/30 MP: 5/5
  2510 | D:3      | Reached skill level 6 in Staves
  2730 | D:3      | Reached XP level 6. HP: 32/35 MP: 6/6
  2958 | D:3      | Found a glowing silver altar of Zin.
  3030 | D:3      | Found a radiant altar of Vehumet.
  3043 | D:3      | Found a blossoming altar of Fedhas.
  3048 | D:3      | Found a deep blue altar of Sif Muna.
  3049 | D:3      | Found a shattered altar of Ashenzari.
  3670 | D:4      | Reached skill level 7 in Staves
  4013 | D:5      | Entered Level 5 of the Dungeon
  4252 | D:5      | Reached XP level 7. HP: 25/40 MP: 7/7
  4345 | D:5      | Reached skill level 8 in Staves
  4601 | D:4      | Found a white marble altar of Elyvilon.
  4861 | D:5      | Found a blossoming altar of Fedhas.
  4949 | D:5      | Reached skill level 9 in Staves
  4949 | D:5      | Reached XP level 8. HP: 30/44 MP: 8/8
  5053 | D:5      | Found a staircase to the Ecumenical Temple.
  5059 | Temple   | Entered the Ecumenical Temple
  5133 | Temple   | Became a worshipper of Warmaster Okawaru
  5912 | D:6      | Reached skill level 1 in Crossbows
  5912 | D:6      | Reached skill level 1 in Armour
  6047 | D:6      | Reached skill level 10 in Staves
  6058 | D:6      | Found a deep blue altar of Sif Muna.
  6526 | D:7      | Found Wauggao's Antique Weapon Boutique.
  6773 | D:7      | Acquired Okawaru's first power
  7409 | D:8      | Reached XP level 9. HP: 28/48 MP: 6/9
  7560 | D:8      | Noticed a two-headed ogre
  7571 | D:8      | Killed a two-headed ogre
  7571 | D:8      | Reached skill level 5 in Armour
  7729 | D:8      | Got a transparent leather armour
  7731 | D:8      | Identified the +0 leather armour of the Morning Star {Str+4 Int+1} (You found it on level 8 of the Dungeon)
  7748 | D:8      | Reached skill level 11 in Staves
  7846 | D:8      | Found Oguad Busu's Elemental Accessories.
  7891 | D:8      | Reached skill level 5 in Crossbows
  8045 | D:8      | HP: 1/48 [yak (9)]
  8065 | D:8      | Reached XP level 10. HP: 16/53 MP: 10/10
  8284 | D:8      | Noticed a three-headed hydra
  8306 | D:8      | Killed a three-headed hydra
  8690 | D:8      | Gained mutation: Your wings are large and strong. [potion of beneficial mutation]
  8816 | D:8      | Found a staircase to the Lair.
  8874 | Lair:1   | Entered Level 1 of the Lair of Beasts
  8907 | Lair:1   | Noticed Nergalle
  8937 | Lair:1   | Mangled by Nergalle

Action                   |  1- 3 |  4- 6 |  7- 9 | 10-12 || total
-------------------------+-------+-------+-------+-------++-------
Melee: Quarterstaff      |    99 |   259 |   452 |    97 ||   907
 Fire: Arbalest          |       |       |    15 |     3 ||    18
Throw: Throwing net      |       |     4 |     2 |       ||     6
Invok: Heroism           |       |       |     5 |     2 ||     7
Evoke: Wand              |       |       |     2 |       ||     2
  Use: Potion            |       |       |     4 |     3 ||     7
       Scroll            |       |       |     2 |     5 ||     7
 Stab: Held in net/web   |       |     3 |       |       ||     3
  Eat: Chunk             |       |    11 |    10 |     1 ||    22
       Pizza             |       |       |     1 |       ||     1
       Fruit             |       |       |       |     3 ||     3
